 Dungeon Crawl Stone Soup version 0.28-a0-32-g8dfe7f97f6 (webtiles) character file.

Game seed: 10449551977429842605

0 willcat the Sneak (level 1, -1/14 HPs)
             Began as a Kobold Delver on July 27, 2021.
             Slain by a hound (3 damage)
             ... on level 6 of the Dungeon.
             The game lasted 00:00:13 (28 turns).

willcat the Sneak (Kobold Delver)                     Turns: 28, Time: 00:00:14

Health: -1/14      AC:  3    Str:  9    XL:     1   Next: 0%
Magic:  1/1        EV: 14    Int: 11    God:
Gold:   5          SH:  0    Dex: 16    Spells: 0/0 levels left

rFire   . . .      SeeInvis .   a - +0 short sword
rCold   . . .      Faith    .   (shield restricted)
rNeg    . . .      Spirit   .   b - +0 leather armour
rPois   .          Reflect  .   (no helmet)
rElec   .          Harm     .   (no cloak)
rCorr   .          Rampage  .   (no gloves)
Will    .....                   (no boots)
Stlth   ++++......              (no amulet)
HPRegen 0.04/turn               (no ring)
MPRegen 0.07/turn               (no ring)

@: no status effects
A: small, no large weapons, nightstalker 3
a: no special abilities


You were on level 6 of the Dungeon.
You visited 1 branch of the dungeon, and saw 2 of its levels.

You collected 5 gold pieces.

Inventory:

Hand Weapons
 a - a +0 short sword (weapon)
Missiles
 h - 7 poisoned darts (quivered)
Armour
 b - a +0 leather armour (worn)
Wands
 g - a wand of digging (3)
Scrolls
 c - a scroll of fog
 d - a scroll of magic mapping
 e - a scroll of fear
 i - a scroll of teleportation {unknown}
Potions
 f - a potion of haste


   Skills:
 - Level 3.2 Fighting
 + Level 2.6 Short Blades
 - Level 2.4 Dodging
 + Level 6.6 Stealth


You couldn't memorise any spells.
You didn't know any spells.
Your spell library was empty.

Dungeon Overview and Level Annotations

Branches:
Dungeon (6/15)
 Temple: D:4-7

Altars:


Innate Abilities, Weirdness & Mutations

You are small and have problems with some larger weapons.
You are completely attuned to the shadows.


Message History

Found 5 gold pieces.
You now have 5 gold pieces.
The hound barely misses you.
Throw: 13 darts (poison)
Press: ? - help, Q - select action Shift-Dir - straight line, f - hound
Aim: a hound (50% to hit)
You throw a poisoned dart.
The poisoned dart closely misses the hound.
The hound bites you.
Throw: 12 darts (poison)
Press: ? - help, Q - select action Shift-Dir - straight line, f/p - hound
Aim: a hound (50% to hit)
You throw a poisoned dart.
The poisoned dart barely misses the hound.
The hound misses you. The hound barely misses you.
Throw: 11 darts (poison)
Press: ? - help, Q - select action Shift-Dir - straight line, f/p - hound
Aim: a hound (50% to hit)
You throw a poisoned dart.
The poisoned dart barely misses the hound.
The hound bites you.
Throw: 10 darts (poison)
Press: ? - help, Q - select action Shift-Dir - straight line, f/p - hound
Aim: a hound (50% to hit)
You throw a poisoned dart. The poisoned dart misses the hound.
The hound bites you.
* * * LOW HITPOINT WARNING * * *
The hound barely misses you.
Throw: 9 darts (poison)
Press: ? - help, Q - select action Shift-Dir - straight line, f/p - hound
Aim: a hound (50% to hit)
You throw a poisoned dart.
The poisoned dart completely misses the hound.
The hound closely misses you.
Throw: 8 darts (poison)
Press: ? - help, Q - select action Shift-Dir - straight line, f/p - hound
Aim: a hound (50% to hit)
You throw a poisoned dart. The poisoned dart hits the hound.
The hound closely misses you. The hound bites you.
You die...

#### #..##
#...##
####....####+
#..@..........
#.##h..........
# ##..........
##.........
#.(.......
####......
####......
##......###
##...#.###


You could see a hound.

Vanquished Creatures (others)
  2 plants (D:6)
2 creatures vanquished.

Notes
Turn   | Place    | Note
-------+----------+-------------------------------------------
     0 | D:5      | willcat the Kobold Delver began the quest for the Orb.
     0 | D:5      | Reached XP level 1. HP: 14/14 MP: 1/1
    12 | D:6      | Noticed a hound
    28 | D:6      | Slain by a hound

Illustrated notes

Levels and vault maps discovered:
D:5:      layout_rooms, grunt_temple_overflow_opulence,
          mainiacjoe_overflow_six_doors_small, kennysheep_little_box
D:6:      layout_basic, pdpol_wu_jian_five_deadly_venoms, trog_hazing_becter,
          kennysheep_vampire_church, fedhas_altar_1,
          nicolae_ossuary_entry_ruins, kennysheep_big_empty_room,
          serial_bayou_lagoon_a

Action                   || total
-------------------------++-------
Throw: Dart              ||     6
Dodge: Dodged            ||     6

Table legend: (Time is in decaauts)
 A = Elapsed time spent in this place.
 B = Non-inter-level travel time spent in this place.
 C = Inter-level travel time spent in this place.
 D = Time resting spent in this place.
 E = Time spent auto-exploring this place.
 F = Levels seen in this place.
 G = Mean time per level.
                   A        B        C        D        E       F      G
               +--------+--------+--------+--------+--------+-----+--------+
         Total |     27 |     27 |      0 |      0 |      0 |   2 |   13.5 |
       Dungeon |     27 |     27 |      0 |      0 |      0 |   2 |   13.5 |
               +--------+--------+--------+--------+--------+-----+--------+

Top non-repeatable levels by time:
     D:6: 21 daAuts
     D:5: 6 daAuts
